 Dungeon Sprint DCSS version 0.31.0-12-g77e489cdc1 (webtiles) character file.

Game seed: 14204243669800943596

110 Minsecho the Slasher (level 4, -4/31 (37) HPs)
             Began as a Barachi Reaver on Feb 18, 2024.
             Incinerated by a deep elf pyromancer (11 damage)
             ... with a pyre arrow
             ... in the Dungeon (Sprint III: "The Ten Rune Challenge").
             The game lasted 00:01:33 (295 turns).

Minsecho the Slasher (Barachi Reaver)                Turns: 295, Time: 00:01:34

HP:   -4/31 (37)    AC:  3    Str: 14    XL:     4   Next: 91%
MP:   7/9           EV: 12    Int: 13    God:
Gold: 0             SH:  0    Dex: 12    Spells: 4/10 levels left

rFire   . . .        a - +0 falchion
rCold   . . .        (no shield)
rNeg    . . .        b - +0 leather armour
rPois   .            (no helmet)
rElec   .            (no cloak)
rCorr   .            (no gloves)
SInv    .            (no boots)
Will    .....        (no amulet)
Stlth   +            (no ring)
HPRegen 0.25/turn    (no ring)
MPRegen 0.11/turn

%: no teleportation
@: on fire, very slightly contaminated, glowing, heavily drained, slow
A: amphibious, slowness 1, strong legs 1, +LOS
a: Hop


You were in the Dungeon.
You visited 1 branch

Inventory:

Hand Weapons
 a - a +0 falchion (weapon)
Armour
 b - a +0 leather armour (worn)
Scrolls
 h - a scroll of blinking
 i - a scroll of enchant weapon {unknown}
Potions
 c - a potion of curing
 d - a potion of heal wounds
 e - a potion of haste
 f - 2 potions of magic


   Skills:
 + Level 4.0 Fighting
 + Level 7.5 Long Blades
 + Level 2.8 Armour
 + Level 3.1 Dodging
 + Level 0.3 Stealth
 + Level 3.7 Spellcasting
 + Level 6.3 Conjurations


You had 4 spell levels left.
You knew the following spells:

 Your Spells              Type           Power      Damage    Failure   Level
a - Kiss of Death         Conj/Necr      40%        2d8       7%          1
b - Momentum Strike       Conj/Tloc      20%        3d8       11%         2
c - Hailstorm             Conj/Ice       10%        3d6       22%         3

Your spell library contained the following spells:

 Spells                   Type           Power      Damage    Failure   Level


Dungeon Overview and Level Annotations

Branches:
Dungeon (1/1)

Altars:
Elyvilon
Zin
The Shining One


Innate Abilities, Weirdness & Mutations

You are amphibious.
You cover ground slowly.
You can hop short distances.
You have an extended range of vision and can be seen from far away.


Message History

You recover from your berserk rage.
There is an open door to the Ecumenical Temple here.
You open the door.
Found a glowing silver altar of Zin.
A deep elf pyromancer comes into view.
It is wielding a +1 long sword of holy wrath.
Found a potion of heal wounds.
Found two altars.
The deep elf pyromancer shouts!
The deep elf pyromancer casts a spell at you.
The pyre arrow hits you.
You are covered in intense liquid fire!
There is an open door here.
Okay, then.
Casting: Momentum Strike (safe; 11% risk of failure)
Confirm with . or Enter, or press ? or * to list all spells.
Aiming: Kiss of Death (safe; 7% risk of failure)
Press: ? - help, Shift-Dir - straight line, f - deep elf pyromancer
Aim: a deep elf pyromancer, wielding a +1 long sword of holy wrath (100% to hit)
You miscast Kiss of Death.
You are very lightly contaminated with residual magic.
Nothing appears to happen.
The liquid fire burns you!
The deep elf pyromancer hits you with a +1 long sword of holy wrath!
Casting: Kiss of Death (safe; 7% risk of failure)
Confirm with . or Enter, or press ? or * to list all spells.
Aiming: Kiss of Death (safe; 7% risk of failure)
Press: ? - help, Shift-Dir - straight line, f/p - deep elf pyromancer
Aim: a deep elf pyromancer, wielding a +1 long sword of holy wrath (100% to hit)
The negative energy hits the deep elf pyromancer.
The deep elf pyromancer is drained!
The deep elf pyromancer is lightly wounded.
You feel drained. The liquid fire burns you!
The deep elf pyromancer gestures at you while chanting.
The bolt of fire hits you!
* * * LOW HITPOINT WARNING * * *
Unknown command.
Okay, then.
You shake off some of the fire as you move.
The liquid fire burns you!
You die...

▓▓▓▓▓▓▓ ▓▓▓ +...♣.♣
♣.##### #.....♣♣ ♣♣.#___#
###....♣.♣ ♣..#!e.#
..#....~♣♣♣♣..###'#+###+#
..#...~~♣♣....#.@........#
)(#..~~~~.♣♣..'.⌠........#
#'#..~≈≈~~~♣..#...######+#
..#.~~≈~~~....#.⌠.#
..#.~≈~~~.....#...#
..#.~~~.......#+###
###...........#
..............#
▓▓▓▓▓▓▓▓▓▓▓▓▓▓▓


There were no monsters in sight!

Vanquished Creatures
  A water elemental (D)
  Jessica (D)
  A human (D)
  A phantom (D)
  An endoplasm (D)
  A rat (D)
6 creatures vanquished.

Notes
Turn   | Place    | Note
-------+----------+-------------------------------------------
     0 | D        | Minsecho the Barachi Reaver began the quest for the Orb.
     0 | D        | Reached XP level 1. HP: 17/17 MP: 3/3
     9 | D        | Reached skill level 4 in Long Blades
    22 | D        | Noticed Jessica
    28 | D        | Killed Jessica
    29 | D        | Reached skill level 5 in Long Blades
    29 | D        | Reached skill level 5 in Conjurations
    29 | D        | Reached XP level 2. HP: 21/24 MP: 2/5
    29 | D        | Reached XP level 3. HP: 25/29 MP: 2/7
    81 | D        | Learned a level 2 spell: Momentum Strike
    85 | D        | Learned a level 3 spell: Hailstorm
   107 | D        | Reached skill level 6 in Long Blades
   197 | D        | Reached skill level 1 in Armour
   226 | D        | Noticed a water elemental
   233 | D        | Killed a water elemental
   234 | D        | Reached skill level 7 in Long Blades
   234 | D        | Reached XP level 4. HP: 37/37 MP: 7/9
   291 | D        | Found a glowing silver altar of Zin.
   292 | D        | Found a glowing golden altar of the Shining One.
   292 | D        | Found a white marble altar of Elyvilon.
   292 | D        | Noticed a deep elf pyromancer
   295 | D        | Incinerated by a deep elf pyromancer

Illustrated notes

Levels and vault maps discovered:
D:        dungeon_sprint_mu [sprint_mu_entry_forest, sprint_mu_temple_rooms,
          sprint_mu_d1_spiders, sprint_mu_d2_genie, sprint_mu_d3_branching,
          sprint_mu_orc_legion, sprint_mu_elf_gauntlet, sprint_mu_hive_nellie,
          sprint_mu_lair_fedhas, sprint_mu_vaults_butterflies,
          sprint_mu_slime_circle, sprint_mu_swamp_cave, sprint_mu_snake_twists,
          sprint_mu_blade_basic, sprint_mu_crypt_chambers,
          sprint_mu_tomb_spiral, sprint_mu_vestibule_basic,
          sprint_mu_gehenna_hellfire, sprint_mu_dis_giant,
          sprint_mu_tartarus_statrot, sprint_mu_cocytus_islands, sprint_mu_zot1]

Skill      XL: |  1  2  3 |
---------------+----------+-----
Long Blades    | 5 7 |  7.5
Fighting       | 3 4 |  4.0
Conjurations   | 5 6 |  6.3
Spellcasting   | 3 |  3.7
Armour         | 2 |  2.8
Dodging        | 3 |  3.1
Stealth        | |  0.3

Action                     |  1- 3 |  4- 6 || total
---------------------------+-------+-------++-------
  Melee: Falchion          |    21 |       ||    21
   Cast: Kiss of Death     |     2 |     1 ||     3
         Momentum Strike   |     3 |       ||     3
    Use: Potion            |     1 |       ||     1
 Armour: Leather armour    |    12 |     2 ||    14
  Dodge: Dodged            |     7 |       ||     7
